[Event "Titled Tuesday Blitz December 14 2021"]
[White "Mortazavi, Ali"]
[Black "Rengifo Blancas, Renzo Jhonathan"]
[WhiteFideId "401323"]
[BlackFideId "3807185"]
[WhiteElo "2339"]
[BlackElo "2058"]
[Result "0-1"]
[Round "06"]
[TimeControl "180+1"]
[Date "2021.12.15"]
[WhiteClock "0:00:07"]
[BlackClock "0:00:05"]

1. Nf3 d5 2. g3 Nf6 3. Bg2 Bf5 4. O-O e6 5. d3 h6 6. c4 c6 7. Be3 Be7 8. Qb3 Qc8 9. Nc3 O-O 10. Rac1 Nbd7 11. cxd5 exd5 12. Nd4 Be6 13. Nxe6 fxe6 14. d4 Ng4 15. Bd2 Nb6 16. Qd1 Nc4 17. b3 Nxd2 18. Qxd2 Bg5 19. e3 Be7 20. f4 Nf6 21. Qd3 Ba3 22. Rc2 Bb4 23. Ne2 Qe8 24. h3 Qe7 25. g4 a5 26. a4 g5 27. Rcc1 Qh7 28. Qxh7+ Kxh7 29. Rcd1 Kg7 30. Ng3 Bd6 31. Ne2 Rf7 32. Rf2 Raf8 33. Rdf1 Nd7 34. Ng3 Nf6 35. fxg5 Bxg3 36. gxf6+ Rxf6 37. Rf3 Bd6 38. Rxf6 Rxf6 39. Bf3 Rf8 40. Kg2 e5 41. h4 e4 42. Be2 Rxf1 43. Bxf1 Be7 44. Kh3 Bd6 45. Be2 Bb4 46. Kg3 Be1+ 47. Kf4 Bxh4 48. Ke5 Bg5 49. Kd6 Bxe3 50. Kc7 Bxd4 51. Kxb7 c5 52. Kc6 Kf6 53. Kxd5 e3 54. Ke4 Kg5 55. Kf3 Kf6 56. Ke4 Kg5 57. Kf3 Kh4 58. Bc4 Kh3 59. Bd3 Kh2 60. Ke2 Kg1 61. Bf5 Kg2 62. Be6 Kg3 63. Bd7 Kf4 64. Bc8 Bc3 65. Bd7 Bf6 66. Bc8 Ke4 67. Ba6 Kd4 68. Bc4 Bg5 69. Kf3 Kc3 70. Ke4 e2 71. Bxe2 Kxb3 72. Bb5 c4 73. Kd4 c3 74. Bc4+ Kb2 75. Bd3 c2 76. Bxc2 Kxc2 0-1


[Site "https://www.chess.com"]

[Event "Titled Tuesday Blitz December 14 2021"]
[White "Nakamura, Hikaru"]
[Black "Bortnyk, Olexandr"]
[WhiteFideId "2016192"]
[BlackFideId "14120828"]
[WhiteElo "2884"]
[BlackElo "2723"]
[Result "1/2-1/2"]
[Round "06"]
[TimeControl "180+1"]
[Date "2021.12.14"]
[WhiteClock "0:00:16"]
[BlackClock "0:00:15"]

1. e4 Nf6 2. Nc3 d6 3. d4 e5 4. Nf3 Nbd7 5. Bc4 Be7 6. O-O O-O 7. Qe2 c6 8. a4 a5 9. Rd1 Qc7 10. h3 exd4 11. Nxd4 Nc5 12. Nb3 Nxb3 13. cxb3 Be6 14. Bf4 Nd7 15. Nd5 Bxd5 16. exd5 Ne5 17. Rac1 c5 18. Bxe5 dxe5 19. d6 Bxd6 20. Rd5 Be7 21. Rxe5 Bf6 22. Re4 Rad8 23. Qf3 Rfe8 24. Rxe8+ Rxe8 25. Bb5 Bxb2 26. Rd1 Rd8 27. Rxd8+ Qxd8 28. Qxb7 g6 29. Bc4 Qf6 30. Qa8+ Kg7 31. Qxa5 Bc3 32. Qc7 Be5 33. Qb7 Bd4 34. Qf3 Qxf3 35. gxf3 Bc3 36. f4 Kf6 37. Kg2 Ke7 38. Kf3 f6 39. Ke4 Kd6 40. Bg8 h6 41. Bh7 g5 42. Kf5 Bd2 43. Kxf6 Bxf4 44. Kg6 Bd2 45. Bg8 Ke5 46. b4 Bxb4 47. Kxh6 Kf4 48. Kg6 c4 49. Bxc4 Bc5 50. f3 Bb6 51. Be6 Kxf3 52. Kxg5 Bd8+ 53. Kf5 Kg3 54. Ke5 Kh4 55. Bg4 Kg5 56. Ke4 Kh6 57. Kf5 Kg7 58. Ke6 Kh8 59. Kd7 Ba5 60. Kc6 Be1 61. Kb5 Bd2 62. h4 Be1 63. h5 Bd2 64. a5 Bxa5 65. Kxa5 Kg7 66. h6+ Kh8 67. h7 Kxh7 1/2-1/2


[Site "https://www.chess.com"]

[Event "Titled Tuesday Blitz December 14 2021"]
[White "Nasir, Zehn"]
[Black "Thavandiran, Shiyam"]
[WhiteFideId "2613239"]
[BlackFideId "2605058"]
[WhiteElo "1993"]
[BlackElo "2357"]
[Result "0-1"]
[Round "06"]
[TimeControl "180+1"]
[Date "2021.12.15"]
[WhiteClock "0:00:03"]
[BlackClock "0:00:06"]

1. d4 e6 2. e4 d5 3. Nd2 Nc6 4. Ngf3 Nf6 5. e5 Nd7 6. c3 f6 7. exf6 Qxf6 8. Bb5 e5 9. dxe5 Ncxe5 10. Nxe5 Qxe5+ 11. Be2 Bd6 12. Nf3 Qf5 13. Nd4 Qf6 14. Be3 c6 15. c4 Bb4+ 16. Bd2 Bxd2+ 17. Qxd2 O-O 18. O-O Nb6 19. cxd5 Nxd5 20. Bc4 Kh8 21. Bxd5 cxd5 22. Rac1 Bd7 23. Rc3 Rae8 24. Rf3 Qd6 25. Rxf8+ Rxf8 26. Re1 a6 27. h3 h6 28. a3 b6 29. Ne2 Qg6 30. Ng3 Be6 31. Qe3 Bg8 32. Qd4 a5 33. Rd1 Qg5 34. Qd2 Qe7 35. Nh5 Rf5 36. Nf4 Qg5 37. g3 Bf7 38. Kh2 Qf6 39. h4 g5 40. hxg5 hxg5 41. Nxd5 Rxf2+ 42. Kg1 Rxd2 43. Rxd2 Qd6 44. Ne3 Qxd2 0-1


[Site "https://www.chess.com"]

[Event "Titled Tuesday Blitz December 14 2021"]
[White "Pesotskiy, Mikhail"]
[Black "Orlov, Georgi"]
[WhiteFideId "34164453"]
[BlackFideId "2011271"]
[WhiteElo "2010"]
[BlackElo "2456"]
[Result "0-1"]
[Round "06"]
[TimeControl "180+1"]
[Date "2021.12.15"]
[WhiteClock "0:00:12"]
[BlackClock "0:00:06"]

1. c4 Nf6 2. g3 Nc6 3. Bg2 e5 4. Nc3 Bb4 5. e3 Bxc3 6. bxc3 e4 7. f3 Qe7 8. fxe4 Nxe4 9. d3 Nc5 10. Nf3 d6 11. O-O Bg4 12. h3 Bh5 13. e4 O-O 14. Be3 Rad8 15. Qc2 Bxf3 16. Bxf3 Ne5 17. Be2 Nc6 18. Qd2 Rde8 19. Bg4 Ne5 20. Be2 Qe6 21. Kh2 Nc6 22. Bg4 Qe7 23. Bd4 Ne5 24. Be2 f5 25. Bxc5 dxc5 26. Qe3 Ng6 27. Bf3 f4 28. gxf4 Nxf4 29. Bg2 Qd6 30. Qg3 Nxd3 31. Qxd6 cxd6 32. Rxf8+ Rxf8 33. Rd1 Ne5 34. Rxd6 b6 35. a4 Rf6 36. Rd8+ Rf8 37. Rd6 Kf7 38. a5 Ke7 39. Rd5 Nc6 40. axb6 axb6 41. e5 Rf5 42. Rd6 Nxe5 43. Rxb6 Nxc4 44. Rb7+ Kf6 45. Rc7 Ne3 46. Be4 Re5 47. Bxh7 Rd5 48. Bg8 Rd3 49. c4 Rc3 50. Rxc5 Nf5 51. Bd5 Rc2+ 52. Kg1 Ne3 53. Rc6+ Kf5 54. Rc8 Kf4 55. Rf8+ Ke5 56. Rg8 Kf6 57. Rf8+ Ke5 58. Rf7 g5 59. Rf3 Nxd5 60. cxd5 Kxd5 61. Rf5+ Ke4 62. Rxg5 Kf4 63. Rg4+ Kf3 64. Rg2 Rxg2+ 65. Kf1 Kg3 0-1


[Site "https://www.chess.com"]

[Event "Titled Tuesday Blitz December 14 2021"]
[White "Piesik, Piotr"]
[Black "Paravyan, David"]
[WhiteFideId "1136194"]
[BlackFideId "4194985"]
[WhiteElo "2336"]
[BlackElo "2656"]
[Result "0-1"]
[Round "06"]
[TimeControl "180+1"]
[Date "2021.12.14"]
[WhiteClock "0:00:17"]
[BlackClock "0:01:08"]

1. Nf3 c5 2. g3 g6 3. Bg2 Bg7 4. O-O Nf6 5. c3 O-O 6. d4 cxd4 7. cxd4 d5 8. Nc3 Nc6 9. Ne5 Bf5 10. Nxc6 bxc6 11. b3 h5 12. Na4 h4 13. Ba3 h3 14. Bf3 Ne4 15. Rc1 Rc8 16. Bc5 Bh6 17. e3 Qd7 18. Nc3 Ng5 19. Be2 Rfe8 20. Qd2 Qe6 21. Bxa7 Bg4 22. Bxg4 Qxg4 23. Qe2 Qxe2 24. Nxe2 Nf3+ 25. Kh1 Ra8 26. Bb6 Rxa2 27. Nc3 Rd2 28. Na4 Rb8 29. Rcd1 Re2 30. Rd3 f5 31. g4 fxg4 32. Bc7 Rb5 33. Bg3 Rc2 34. Rfd1 Kf7 35. Nc5 e5 36. Na4 e4 37. Rc3 Rxc3 38. Nxc3 Rxb3 39. Rc1 Bf8 40. Ne2 Ba3 41. Ra1 g5 42. Ng1 Ke6 43. Nxf3 exf3 44. Kg1 Kf5 45. Kf1 Ke4 46. Ke1 Kd3 47. Rd1+ Kc4 48. Ra1 Bb4+ 49. Kd1 Kd3 50. Rc1 Bd2 51. Ra1 Bc3 52. Rc1 Rb2 0-1


[Site "https://www.chess.com"]

[Event "Titled Tuesday Blitz December 14 2021"]
[White "Potapova, Margarita"]
[Black "VesePower"]
[WhiteFideId "14126869"]
[WhiteElo "2209"]
[BlackElo "2742"]
[Result "0-1"]
[Round "06"]
[TimeControl "180+1"]
[Date "2021.12.15"]
[WhiteClock "0:00:03"]
[BlackClock "0:00:22"]

1. d4 f5 2. e4 fxe4 3. Nc3 Nf6 4. Bg5 Nc6 5. d5 Ne5 6. Qe2 Nf7 7. h4 c6 8. dxc6 bxc6 9. Bxf6 gxf6 10. Nxe4 e6 11. O-O-O Be7 12. Qh5 d5 13. Nf3 Qc7 14. Nc3 Rb8 15. Bd3 Qf4+ 16. Kb1 Qb4 17. Nb5 cxb5 18. Rhe1 Kf8 19. c3 Qf4 20. g3 Qh6 21. Qg4 e5 22. Bf5 Rg8 23. Qh3 Qg6 24. Bxg6 Bxh3 25. Bxh7 Rg7 26. Ng1 Bg4 27. f3 Rxh7 28. fxg4 Rd8 29. Nf3 Rg7 30. g5 fxg5 31. hxg5 e4 32. Nd4 Nxg5 33. Nxb5 Bc5 34. b4 Bb6 35. a4 a6 36. Na3 Nf3 37. Rh1 Kg8 38. c4 d4 39. c5 Bc7 40. b5 axb5 41. axb5 e3 42. b6 Bxg3 43. c6 e2 44. Rc1 e1=Q 45. Rhxe1 Nxe1 46. Nb5 Nd3 47. c7 Bxc7 48. bxc7 Rc8 49. Rc4 Ne5 50. Rxd4 Rd7 51. Re4 Nf7 52. Rc4 Nd6 53. Rd4 Nxb5 54. Rxd7 Nxc7 55. Rd2 Ne6 56. Rc2 Rb8+ 57. Kc1 Rd8 58. Rd2 Rc8+ 59. Kd1 Kf7 60. Ke2 Kf6 61. Ke3 Ke5 62. Rd3 Nf4 63. Ra3 Nd5+ 64. Kd3 Rf8 65. Ra2 Rf3+ 66. Kc4 Rc3+ 67. Kb5 Rb3+ 68. Kc4 Rc3+ 69. Kb5 Rc8 70. Rh2 Rb8+ 71. Ka4 Kd4 72. Rh4+ Kc5 73. Rh1 Kc4 74. Rh4+ Kc5 75. Rh1 Nc3+ 76. Ka3 Kc4 77. Rh4+ Kd3 78. Rh3+ Kd4 79. Rh4+ Kc5 80. Rh5+ Nd5 81. Rh1 Ra8+ 82. Kb2 Rg8 83. Rc1+ Kb4 84. Rh1 Ne3 85. Rh4+ Nc4+ 86. Kc2 Rd8 87. Rh2 Rd4 88. Re2 Na3+ 89. Kb2 Rc4 90. Rh2 Nb5 91. Rg2 Nc3 92. Rh2 Na4+ 93. Kb1 Kb3 94. Rh3+ Nc3+ 95. Kc1 Rd4 96. Rh1 Rd3 97. Re1 Rf3 98. Rh1 Rf2 0-1


[Site "https://www.chess.com"]

[Event "Titled Tuesday Blitz December 14 2021"]
[White "Rasulov, Vugar"]
[Black "Pranav, V"]
[WhiteFideId "13402390"]
[BlackFideId "25060783"]
[WhiteElo "2560"]
[BlackElo "2351"]
[Result "1-0"]
[Round "06"]
[TimeControl "180+1"]
[Date "2021.12.14"]
[WhiteClock "0:00:05"]
[BlackClock "0:00:02"]

1. Nf3 Nf6 2. e3 g6 3. b3 Bg7 4. Bb2 O-O 5. c4 d6 6. d4 Nbd7 7. Be2 c5 8. O-O cxd4 9. Nxd4 Nc5 10. Nd2 a6 11. Rc1 Qc7 12. Qc2 e5 13. N4f3 Bf5 14. Qd1 Nd3 15. Bxd3 Bxd3 16. Re1 Bf5 17. c5 dxc5 18. Bxe5 Qe7 19. e4 Bg4 20. Qc2 Rac8 21. h3 Be6 22. Qb2 Rfd8 23. Nf1 b5 24. Ne3 Nh5 25. Bxg7 Nxg7 26. Red1 Nh5 27. Qe5 Rxd1+ 28. Rxd1 Qf6 29. Qd6 c4 30. e5 Qg7 31. bxc4 bxc4 32. Qxa6 Qf8 33. Ng5 Nf4 34. Nxe6 Nxe6 35. Nxc4 Qc5 36. Nd6 Rb8 37. Qe2 Rb4 38. g3 Nd4 39. Qe3 Qd5 40. Ne4 Kg7 41. Kg2 Qxe5 42. Nc3 Qxe3 43. fxe3 Rb2+ 44. Kf1 Nf5 45. Ke1 Nxe3 46. Rd2 Rb8 47. a4 Nc4 48. Rd4 Rc8 49. Ke2 Na5 50. Kd3 Nc6 51. Rd6 h5 52. Nb5 Ne5+ 53. Kd4 Nc6+ 54. Ke3 Ne5 55. Ra6 Nc4+ 56. Kd4 Nb2 57. a5 Rc4+ 58. Kd5 Ra4 59. Ra7 Nc4 60. a6 h4 61. gxh4 Ne3+ 62. Kc5 Nf5 63. Nd6 Nxh4 64. Rxf7+ Kg8 65. a7 Nf5 66. Rd7 Ra5+ 67. Kb6 1-0


[Site "https://www.chess.com"]

[Event "Titled Tuesday Blitz December 14 2021"]
[White "Sailer, Mike"]
[Black "Pandey Srishti"]
[WhiteFideId "2012901"]
[BlackFideId "35093290"]
[WhiteElo "2109"]
[BlackElo "1816"]
[Result "1/2-1/2"]
[Round "06"]
[TimeControl "180+1"]
[Date "2021.12.15"]
[WhiteClock "0:00:14"]
[BlackClock "0:00:23"]

1. d4 d5 2. Nf3 Nf6 3. Bf4 Bf5 4. e3 e6 5. Be2 Bd6 6. c3 h6 7. Nbd2 O-O 8. O-O Bh7 9. Ne5 c5 10. Ndf3 Nc6 11. Nxc6 bxc6 12. Bxd6 Qxd6 13. dxc5 Qxc5 14. Qd4 Qb6 15. b4 Ne4 16. Ne5 c5 17. bxc5 Qxc5 18. Nd7 Qxd4 19. cxd4 Rfc8 20. Rfc1 Nc3 21. Bf1 Ne4 22. Ba6 Rd8 23. Nc5 Rab8 24. f3 Nd6 25. Na4 Rb4 26. Nc3 Rb6 27. Bf1 Rc8 28. Ne2 Rxc1 29. Rxc1 Rb2 30. Nc3 Bc2 31. Ba6 Kf8 32. Kf1 Ke7 33. Be2 Kd7 34. Bd1 Bd3+ 35. Kg1 Nc4 36. e4 Ne3 37. g3 Rg2+ 38. Kh1 Rb2 39. exd5 exd5 40. Bb3 Kd6 41. Nd1 Nxd1 42. Rxd1 Be2 43. Rc1 Bxf3+ 44. Kg1 Rg2+ 45. Kf1 Rxh2 46. Rc8 Be4 47. Ra8 a6 48. Rxa6+ Ke7 49. Ra7+ Kf6 50. Ra6+ Kg5 51. Rd6 f5 52. Bxd5 Bxd5 53. Rxd5 Rxa2 54. Rd7 g6 55. Rd6 h5 56. Kg1 Rd2 57. Kf1 Rd3 58. Kg2 h4 59. gxh4+ Kxh4 60. Rxg6 Rxd4 61. Kf3 Rg4 62. Rxg4+ fxg4+ 63. Kg2 Kg5 64. Kg3 Kf5 65. Kg2 Kf4 66. Kf2 g3+ 67. Kg2 Kg4 68. Kg1 Kf3 69. Kf1 Kf4 70. Kg2 Kg4 71. Kg1 Kh3 72. Kh1 Kg4 73. Kg2 Kf4 74. Kg1 Ke4 75. Kg2 Kf4 76. Kg1 Ke3 77. Kg2 Kf4 1/2-1/2


[Site "https://www.chess.com"]

[Event "Titled Tuesday Blitz December 14 2021"]
[White "Samadov, Read"]
[Black "Yedidia, Daniel"]
[WhiteFideId "13417444"]
[BlackFideId "30905907"]
[WhiteElo "2084"]
[BlackElo "2533"]
[Result "1-0"]
[Round "06"]
[TimeControl "180+1"]
[Date "2021.12.15"]
[WhiteClock "0:00:26"]
[BlackClock "0:00:02"]

1. d4 Nf6 2. c4 e6 3. Nf3 b6 4. a3 d5 5. Nc3 Bb7 6. cxd5 Nxd5 7. Qc2 Nxc3 8. bxc3 Nd7 9. e4 Be7 10. Bd3 c5 11. O-O Rc8 12. Qe2 Qc7 13. Bb2 O-O 14. Nd2 cxd4 15. cxd4 e5 16. Rac1 Qb8 17. Bb5 Rfd8 18. Rxc8 Qxc8 19. dxe5 Qc2 20. Nf3 Qxe2 21. Bxe2 Nc5 22. Bc4 Bxe4 23. Nd4 Na4 24. Ba1 Bxa3 25. e6 fxe6 26. Nxe6 Rc8 27. Bb3 Bc2 28. Ba2 Bb2 29. Nd4+ Kf8 30. Nxc2 Rxc2 31. Bb3 Rc1 32. Rxc1 Bxc1 33. Bxa4 g6 34. Kf1 Ke7 35. Ke2 Kd6 36. Kd3 Kc5 37. Bb3 a5 38. h4 b5 39. Kc2 Bf4 40. g3 Bd6 41. Bg8 h6 42. Bf6 a4 43. Bf7 b4 44. Bxg6 b3+ 45. Kb1 a3 46. Bf7 Kb4 47. g4 Bf4 48. g5 hxg5 49. hxg5 a2+ 50. Kb2 Bc1+ 51. Kxc1 1-0


[Site "https://www.chess.com"]

[Event "Titled Tuesday Blitz December 14 2021"]
[White "Samunenkov, Ihor"]
[Black "Andreikin, Dmitry"]
[WhiteFideId "14187086"]
[BlackFideId "4158814"]
[WhiteElo "2348"]
[BlackElo "2736"]
[Result "0-1"]
[Round "06"]
[TimeControl "180+1"]
[Date "2021.12.14"]
[WhiteClock "0:00:03"]
[BlackClock "0:00:06"]

1. d4 Nf6 2. g3 d5 3. Nf3 c6 4. c4 b5 5. cxb5 cxb5 6. Bg2 Bb7 7. O-O e6 8. Bf4 Nbd7 9. Nbd2 Be7 10. Rc1 Qb6 11. Qb3 O-O 12. Rc7 Rfc8 13. Rfc1 Rxc7 14. Rxc7 Rc8 15. Rxc8+ Bxc8 16. Qc2 Ba6 17. Nb3 b4 18. Ne5 h6 19. h4 Nxe5 20. Bxe5 Ng4 21. Bc7 Qb5 22. Bf3 h5 23. Nc5 Bf6 24. Qd2 Bc8 25. e3 Be7 26. Qc2 Nf6 27. Be2 Qc6 28. Ba5 e5 29. Bxb4 e4 30. Qa4 Qxa4 31. Nxa4 Bxb4 32. a3 Bd6 33. Kf1 Kf8 34. Ke1 Ke7 35. b4 g6 36. Nc3 Bb7 37. Bd1 Nd7 38. Bb3 Nb6 39. Ke2 f6 40. Kd1 g5 41. Ke2 gxh4 42. gxh4 f5 43. f4 Ke6 44. Na2 Be7 45. Nc3 Bxh4 46. Nb5 a6 47. Nc7+ Kd7 48. a4 Kxc7 49. a5 Nc8 50. Ba4 Nd6 0-1


[Site "https://www.chess.com"]

[Event "Titled Tuesday Blitz December 14 2021"]
[White "Sanal, Vahap"]
[Black "Jakubowski, Krzysztof"]
[WhiteFideId "6300545"]
[BlackFideId "1112848"]
[WhiteElo "2499"]
[BlackElo "2373"]
[Result "0-1"]
[Round "06"]
[TimeControl "180+1"]
[Date "2021.12.15"]
[WhiteClock "0:00:23"]
[BlackClock "0:00:04"]

1. e4 c5 2. Nf3 e6 3. d4 cxd4 4. Nxd4 Nc6 5. Nc3 Qc7 6. g3 a6 7. Bg2 d6 8. O-O Bd7 9. Nb3 b5 10. a3 Nf6 11. f4 Rb8 12. g4 g6 13. g5 Nh5 14. Be3 Bg7 15. f5 Bxc3 16. bxc3 Ne5 17. Bd4 O-O 18. f6 Rfd8 19. Qe1 Nc6 20. Bf3 Nxd4 21. Nxd4 e5 22. Ne2 Nf4 23. Nxf4 exf4 24. Qh4 Kh8 25. Qh6 Rg8 26. Rad1 Qxc3 27. Bg2 Bg4 28. Rde1 f3 29. Bh1 Bh5 30. Rd1 Rbe8 31. Rd3 Qc5+ 32. Rf2 Rxe4 33. Bxf3 Re5 34. h4 Bxf3 35. Rxf3 Qd5 36. Kg2 Re4 37. Kh3 Qe6+ 38. Kh2 Qe5+ 39. Kg2 Rg4+ 40. Kh3 Rc4 41. h5 Qe6+ 42. Kh2 Rh4+ 43. Kg2 Rxh5 44. Qxh5 gxh5 45. Rg3 Qd5+ 46. Kh2 h6 47. Re3 Rxg5 48. Rfe2 Qf5 49. Re8+ Kh7 50. Rf8 Qxf6 51. Rg2 Qf4+ 52. Kh1 Qf1+ 53. Kh2 Qxg2# 0-1


[Site "https://www.chess.com"]

[Event "Titled Tuesday Blitz December 14 2021"]
[White "Sarana, Alexey"]
[Black "Vokhidov, Shamsiddin"]
[WhiteFideId "24133795"]
[BlackFideId "14204223"]
[WhiteElo "2672"]
[BlackElo "2613"]
[Result "1-0"]
[Round "06"]
[TimeControl "180+1"]
[Date "2021.12.14"]
[WhiteClock "0:00:30"]
[BlackClock "0:00:02"]

1. d4 Nf6 2. c4 e6 3. Nc3 Bb4 4. e3 O-O 5. Bd3 d5 6. a3 Bxc3+ 7. bxc3 c5 8. cxd5 exd5 9. Ne2 b6 10. O-O Ba6 11. f3 Bxd3 12. Qxd3 Re8 13. Ng3 Nc6 14. Bb2 h5 15. e4 h4 16. Nf5 dxe4 17. fxe4 Nxe4 18. d5 Nf6 19. c4 Ne5 20. Qh3 Nfg4 21. Nxg7 Rf8 22. Nf5 Qg5 23. Rae1 f6 24. d6 Rad8 25. Bc1 Qh5 26. Qc3 Nf7 27. Re6 Rfe8 28. Re7 Nxd6 29. Rg7+ Kh8 30. Rxg4 Qxg4 31. Qxf6+ Kh7 32. Nxd6 Re2 33. Qf7+ Kh8 34. Bb2+ Rxb2 35. Qf6+ Kh7 36. Qe7+ Qg7 37. Qxh4+ Kg6 38. Qe4+ Kh5 39. Rf5+ Kh6 40. Qh4+ Kg6 41. Rg5+ Kf6 42. Rxg7+ 1-0


[Site "https://www.chess.com"]

[Event "Titled Tuesday Blitz December 14 2021"]
[White "Seliverstov, Vladimir"]
[Black "Xiong, Jeffery"]
[WhiteFideId "4192036"]
[BlackFideId "2047640"]
[WhiteElo "2489"]
[BlackElo "2727"]
[Result "0-1"]
[Round "06"]
[TimeControl "180+1"]
[Date "2021.12.14"]
[WhiteClock "0:00:06"]
[BlackClock "0:00:03"]

1. d4 d5 2. Bf4 c5 3. e3 Nc6 4. Nc3 a6 5. Nf3 Bg4 6. dxc5 e5 7. Bg3 Nf6 8. Be2 Bxf3 9. Bxf3 e4 10. Be2 Bxc5 11. a3 h6 12. O-O O-O 13. Qd2 d4 14. exd4 Nxd4 15. Rad1 Re8 16. Bh4 Ba7 17. Bc4 Rc8 18. Ba2 Qb6 19. Rfe1 Qxb2 20. Bxf6 gxf6 21. Nxe4 Rxe4 22. Rxe4 Qxa2 23. Qxh6 f5 24. Re3 f4 25. Re5 Ne6 26. Rh5 Bd4 27. h3 Bg7 28. Qh7+ Kf8 29. Qh6 Bxh6 0-1


[Site "https://www.chess.com"]

[Event "Titled Tuesday Blitz December 14 2021"]
[White "Shimelkov, Vasiliy"]
[Black "Le Goff, Ronan"]
[WhiteFideId "13701630"]
[BlackFideId "612073"]
[WhiteElo "2073"]
[BlackElo "2276"]
[Result "0-1"]
[Round "06"]
[TimeControl "180+1"]
[Date "2021.12.15"]
[WhiteClock "0:00:07"]
[BlackClock "0:00:06"]

1. d4 d5 2. Nf3 Nf6 3. c4 c6 4. Nc3 e6 5. Bg5 Nbd7 6. e3 Qa5 7. Nd2 Bb4 8. Qc2 dxc4 9. Bxf6 Nxf6 10. Nxc4 Qg5 11. Ne5 O-O 12. h4 Qh6 13. g4 g5 14. f4 Nd5 15. fxg5 Qg7 16. e4 c5 17. exd5 cxd4 18. Nd3 dxc3 19. Nxb4 cxb2 20. Rb1 exd5 21. Rxb2 Re8+ 22. Be2 Bxg4 23. Nxd5 Bxe2 24. Nf6+ Qxf6 25. gxf6 Bd3+ 26. Kf2 Bxc2 27. Rxc2 Re6 28. Rg1+ Kf8 29. Rc7 Rxf6+ 30. Ke2 Re8+ 31. Kd2 Rd6+ 32. Kc2 Rc6+ 33. Rxc6 bxc6 34. Rf1 Re2+ 35. Kb3 Rh2 36. Rf4 Kg7 37. a4 f6 38. Kc4 Kf7 39. Kc5 Rc2+ 40. Kd6 c5 41. a5 c4 42. Kc6 c3 43. Rc4 Ra2 44. Rc5 c2 45. Kb7 Rxa5 46. Rxc2 Ra4 47. h5 Kg7 48. Rc6 Rf4 49. Kxa7 Kh6 50. Rc7 Rf5 51. Rf7 Kxh5 52. Rxh7+ Kg4 53. Rg7+ Kf4 54. Rf7 Ke5 55. Kb6 Rf1 56. Kc5 Rc1+ 57. Kb4 f5 58. Kb3 Kf4 59. Kb2 Rc8 60. Re7 Kg4 61. Rg7+ Kf3 62. Rf7 f4 63. Rf6 Kg3 64. Rf7 f3 65. Rg7+ Kf2 66. Rf7 Kg2 67. Rg7+ Kf1 68. Rf7 f2 69. Rf6 Rc4 70. Kb3 Rc8 71. Kb2 Rc5 72. Rf8 Kg2 73. Rg8+ Kf3 74. Rf8+ Kg3 75. Rg8+ Kf4 76. Rf8+ Rf5 0-1


[Site "https://www.chess.com"]

[Event "Titled Tuesday Blitz December 14 2021"]
[White "Shubin, Kirill"]
[Black "Suvorov, Alexander"]
[WhiteFideId "34119962"]
[BlackFideId "12977063"]
[WhiteElo "2501"]
[BlackElo "2221"]
[Result "1-0"]
[Round "06"]
[TimeControl "180+1"]
[Date "2021.12.14"]
[WhiteClock "0:00:22"]
[BlackClock "0:00:24"]

1. e4 c5 2. Nf3 e6 3. g3 Nc6 4. Bg2 Nf6 5. Qe2 e5 6. O-O Be7 7. Nc3 O-O 8. Nd5 Nxd5 9. exd5 Nd4 10. Nxd4 exd4 11. Re1 Bf6 12. d6 Qb6 13. Qc4 Qxd6 14. d3 Qb6 15. Bf4 d6 16. Qd5 Be6 17. Qxd6 Qxd6 18. Bxd6 Rfd8 19. Bxc5 Rac8 20. Ba3 b6 21. Re2 Rc7 22. b3 Rdc8 23. Rc1 Bg4 24. Rd2 Bf5 25. f4 h5 26. h4 g6 27. Kf2 Kg7 28. Bb2 Rd8 29. a4 Re8 30. Re1 Rec8 31. Ree2 Bg4 32. Bf3 Bf5 33. Ba3 Rd7 34. Be4 Bg4 35. Bf3 Bf5 36. Bb4 a5 37. Ba3 Rdc7 38. Bd6 Rd7 39. Be5 Rdc7 40. Bxc7 Rxc7 41. Re8 1-0


[Site "https://www.chess.com"]

[Event "Titled Tuesday Blitz December 14 2021"]
[White "Stoleriu, George"]
[Black "Pakleza, Zbigniew"]
[WhiteFideId "1227505"]
[BlackFideId "1119290"]
[WhiteElo "2199"]
[BlackElo "2526"]
[Result "1-0"]
[Round "06"]
[TimeControl "180+1"]
[Date "2021.12.15"]
[WhiteClock "0:00:07"]
[BlackClock "0:00:10"]

1. e4 d6 2. d4 Nf6 3. Nc3 c6 4. f4 Qb6 5. e5 Nd5 6. Nxd5 cxd5 7. Nf3 Bf5 8. Bd3 g6 9. Bxf5 gxf5 10. O-O e6 11. Kh1 Nc6 12. c3 Be7 13. Qe2 O-O-O 14. b4 Kb8 15. a4 Qc7 16. a5 a6 17. Be3 Na7 18. Rfc1 Rc8 19. Nd2 Qd7 20. c4 dxe5 21. cxd5 Qxd5 22. dxe5 Rxc1+ 23. Rxc1 Nc6 24. Nc4 Bxb4 25. Nb6 Qb5 26. Qh5 Bxa5 27. Nd7+ Ka8 28. Qxf7 Qb3 29. Bg1 Rd8 30. Nc5 Qb5 31. Nxe6 Rc8 32. Qxf5 Bb6 33. Nd4 Bxd4 34. Qxc8+ Ka7 35. Bxd4+ Nxd4 36. Qc5+ Qxc5 37. Rxc5 Kb6 38. Rd5 Nf5 39. g4 Ne7 40. Rd7 Nc6 41. e6 a5 42. e7 Nxe7 43. Rxe7 a4 44. f5 a3 45. f6 Kc5 46. f7 a2 47. Re1 a1=Q 48. Rxa1 1-0


[Site "https://www.chess.com"]

[Event "Titled Tuesday Blitz December 14 2021"]
[White "Stromboli, Ettore"]
[Black "Panesar Vedant"]
[WhiteFideId "813761"]
[BlackFideId "35033018"]
[WhiteElo "2414"]
[BlackElo "1971"]
[Result "1-0"]
[Round "06"]
[TimeControl "180+1"]
[Date "2021.12.15"]
[WhiteClock "0:00:16"]
[BlackClock "0:00:05"]

1. e4 c6 2. d4 d5 3. Nc3 dxe4 4. Nxe4 Nf6 5. Nxf6+ exf6 6. Bd3 Na6 7. Ne2 Nc7 8. Bf4 Bd6 9. Qd2 O-O 10. O-O-O a5 11. h4 a4 12. h5 Be6 13. a3 b5 14. f3 Nd5 15. Bxd6 Qxd6 16. Nc3 Nxc3 17. Qxc3 Rad8 18. Be4 Bc4 19. g4 Qf4+ 20. Qd2 Qxd2+ 21. Rxd2 Rd6 22. Bd3 Bd5 23. Be4 Re8 24. Re1 Kf8 25. Kd1 Rde6 26. Rde2 Bc4 27. Re3 g6 28. Kd2 Rd8 29. Kc3 Red6 30. hxg6 hxg6 31. Rd1 c5 32. d5 Ra8 33. Ree1 Kg7 34. Rd2 Ra7 35. Bd3 Bxd3 36. Rxd3 Rad7 37. Red1 g5 38. b3 axb3 39. cxb3 Kg6 40. Kb2 f5 41. R1d2 f4 42. Kc3 f5 43. Kb2 fxg4 44. fxg4 Kf6 45. Kc3 Ra7 46. Kb2 Ra8 47. Kc3 Rxa3 48. Rh2 Kg7 49. Rh5 Rg6 50. d6 c4 51. Rd5 Rxb3+ 52. Kc2 Rd3 53. Rhxg5 Rd4 54. Rxg6+ Kxg6 55. Rxd4 b4 56. d7 b3+ 57. Kc3 f3 58. d8=Q f2 59. Rd6+ Kg7 60. Qf6+ Kh7 61. Rd7+ Kg8 62. Qg7# 1-0


[Site "https://www.chess.com"]

[Event "Titled Tuesday Blitz December 14 2021"]
[White "Svane, Frederik"]
[Black "Zubov, Alexander"]
[WhiteFideId "12923044"]
[BlackFideId "14109409"]
[WhiteElo "2459"]
[BlackElo "2685"]
[Result "1-0"]
[Round "06"]
[TimeControl "180+1"]
[Date "2021.12.14"]
[WhiteClock "0:00:07"]
[BlackClock "0:00:04"]

1. e4 c5 2. Nf3 e6 3. d4 cxd4 4. Nxd4 a6 5. Nc3 b5 6. Bd3 Qb6 7. Nf3 Qc7 8. O-O Bb7 9. e5 f5 10. Nh4 g6 11. Nxf5 exf5 12. Re1 b4 13. Ne2 Ne7 14. Bg5 Bg7 15. Nf4 Nbc6 16. Bc4 Nxe5 17. Bb3 Qc5 18. c3 bxc3 19. Rc1 N7c6 20. Rxc3 Qd4 21. Rd3 Qb4 22. Rxd7 Qxe1+ 23. Qxe1 Kxd7 24. Ne6 Nf7 25. Nc5+ Kc7 26. Bxf7 Be5 27. Ne6+ Kb8 28. Be3 Rc8 29. h4 a5 30. Nc5 a4 31. Nd7+ Kc7 32. Nxe5 Nxe5 33. Bf4 Kb6 34. Qxe5 Bc6 35. Qd4+ Kb7 36. Be3 Ra6 37. Bc4 Rc7 38. Bxa6+ 1-0


[Site "https://www.chess.com"]

[Event "Titled Tuesday Blitz December 14 2021"]
[White "Sviridov, Valery"]
[Black "Timofeev, Artyom"]
[WhiteFideId "4120680"]
[BlackFideId "4140419"]
[WhiteElo "2454"]
[BlackElo "2628"]
[Result "1-0"]
[Round "06"]
[TimeControl "180+1"]
[Date "2021.12.14"]
[WhiteClock "0:00:10"]
[BlackClock "0:00:07"]

1. Nf3 c5 2. c4 Nf6 3. g3 Nc6 4. Bg2 e5 5. Nc3 Be7 6. O-O O-O 7. Ne1 d6 8. Nc2 Be6 9. Ne3 Qd7 10. a3 Nd4 11. b4 Rac8 12. bxc5 dxc5 13. d3 Bh3 14. a4 Bxg2 15. Kxg2 Bd8 16. Ned5 Nxd5 17. Nxd5 Nc6 18. Bb2 Re8 19. e4 Nb4 20. a5 Nxd5 21. exd5 Bc7 22. Re1 a6 23. Bc3 Bd6 24. Rb1 Re7 25. Qf3 Rce8 26. g4 g6 27. Kh1 Bb8 28. Rb6 Ba7 29. Rb2 Bb8 30. h3 Qc7 31. Qf6 Qd6 32. Qxd6 Bxd6 33. Rbe2 f5 34. f3 Kf7 35. Kg2 Bc7 36. Rb1 Rb8 37. Reb2 Bd8 38. d6 Rd7 39. Bxe5 Bf6 40. f4 fxg4 41. hxg4 g5 42. Kf3 gxf4 43. Kxf4 Ke6 44. Bxf6 Kxf6 45. Rb6 h6 46. Rxa6 Rf8 47. Rab6 Ke6+ 48. Kg3 Ra8 49. R1b5 Rxd6 50. Rxc5 Rxb6 51. axb6 Ra6 52. Rh5 Ra3 53. Rxh6+ Ke5 54. Rh7 Rxd3+ 55. Kh4 Rc3 56. Rc7 Kf4 57. c5 Rc1 58. Rf7+ Ke5 59. Rxb7 Rxc5 60. Rc7 Rb5 61. b7 Kd6 62. Rh7 Ke6 63. g5 Rb1 64. Kh5 Kf5 65. Rf7+ Ke6 66. Kg6 Rb5 67. Rc7 Kd6 68. Rh7 Ke6 69. Rc7 Kd6 70. Rc2 Rxb7 71. Re2 Rb5 72. Kh6 Re5 73. Rxe5 Kxe5 74. g6 Kf6 75. g7 Kf7 76. Kh7 1-0


[Site "https://www.chess.com"]